 Dungeon Crawl Stone Soup version 0.26-a0-720-g2a1d101370 (webtiles) character file.

Game seed: 7336981846630869806

772 mhtbhm the Slasher (level 7, 0/61 HPs)
             Began as a Minotaur Fighter on Nov 2, 2020.
             Succumbed to Eustachio's poison
             ... on level 4 of the Dungeon.
             The game lasted 00:04:23 (3413 turns).

mhtbhm the Slasher (Minotaur Fighter)               Turns: 3413, Time: 00:04:23

Health: 0/61       AC: 13    Str: 22    XL:     7   Next: 53%
Magic:  6/6        EV:  5    Int:  5    God:
Gold:   226        SH: 11    Dex: 10    Spells: 6/6 levels left

rFire    . . .     SeeInvis .   a - +0 long sword
rCold    . . .     Faith    .   c - +1 kite shield
rNeg     . . .     Spirit   .   b - +0 plate armour
rPois    .         Reflect  .   (helmet restricted)
rElec    .         Harm     .   (no cloak)
rCorr    .         Rampage  .   (no gloves)
MR       .....                  s - +0 pair of boots (curse)
Stlth    ..........             (no amulet)
HPRegen  0.20/turn              f - ring of stealth
MPRegen  0.10/turn              (no ring)

@: mighty, lethally poisoned (0 -> -14), berserk cooldown, slowed, very slow
A: retaliatory headbutt, horns 2
a: no special abilities


You were on level 4 of the Dungeon.
You visited 1 branch of the dungeon, and saw 4 of its levels.

You collected 226 gold pieces.

Inventory:

Hand Weapons
 a - a +0 long sword (weapon)
Missiles
 m - 18 poisoned darts (quivered)
Armour
 b - a +0 plate armour (worn)
 c - a +1 kite shield (worn)
 s - a cursed +0 pair of boots (worn)
Jewellery
 f - a ring of stealth (left hand)
 x - an uncursed ring of poison resistance {unknown}
Scrolls
 i - 5 scrolls of identify {unknown}
 n - a scroll of enchant armour
 p - a scroll of immolation {unknown}
 q - a scroll of blinking {unknown}
 r - a scroll of teleportation {unknown}
 u - a scroll of magic mapping
 v - a scroll of remove curse {unknown}
Potions
 g - a potion of resistance {unknown}
 h - 2 potions of lignification {unknown}
 j - 2 potions of brilliance {unknown}
 k - a potion of invisibility {unknown}
 l - a potion of heal wounds {unknown}
 o - a potion of stabbing {unknown}
 t - 2 potions of haste {unknown}
 w - 3 potions of ambrosia {unknown}


   Skills:
 + Level 5.1 Fighting
 + Level 7.3 Long Blades
 + Level 4.9 Armour
 + Level 0.6 Dodging
 + Level 6.4 Shields


You had 6 spell levels left.
You didn't know any spells.
Your spell library was empty.

Dungeon Overview and Level Annotations

Branches:
Dungeon (4/15)
 Temple: D:4-7

Altars:
Elyvilon
Qazlal


Innate Abilities, Weirdness & Mutations

You reflexively headbutt those who attack you in melee.
You have a pair of horns on your head.


Message History

The bat disappears in a puff of smoke! x2
The white imp disappears in a puff of smoke!
The crimson imp disappears in a puff of smoke!
* * * LOW HITPOINT WARNING * * *
You feel sick.
It was a potion of berserk rage.
A red film seems to cover your vision as you go berserk!
You feel yourself moving faster!
You feel mighty!
* * * LOW HITPOINT WARNING * * *
You feel sick.
You are too berserk!
You feel a strong urge to attack something.
* * * LOW HITPOINT WARNING * * *
You feel sick.
* * * LOW HITPOINT WARNING * * *
You feel sick.
You feel your anger nearly subside.
You are no longer berserk.
You are exhausted.
You feel yourself slow down.
You die...

#_#....##### ##.##
#'#....# ##.##
....#..# ########
##.##
....#..######......##
##.##
#####..##...........##
##.##
#...<............##
##.##
#.................##
##.#
#.............)....##
#..
##..........@.......#
##.
#..................#
##.
#.##.......(.....###
##..
#.####.........###
###... ####.##
##......### ##...#.
##.....# ###.####
##...#.. ##......##
### ##...###.
#........##
######..### #.
..........##
###.......# ##


There were no monsters in sight!

Vanquished Creatures
  Grinder (D:4)
  Eustachio (D:4)
  A phantom (D:4)
  A hound (D:4)
  An orc priest (D:3)
  An iguana (D:4)
  2 orc wizards (D:3)
  A worker ant (D:4)
  4 gnolls (D:3)
  9 adders
  An ooze (D:2)
  2 worms
  A dart slug (D:1)
  3 leopard geckos
  3 orcs
  8 bats
  5 giant cockroaches
  9 goblins
  6 hobgoblins
  4 jackals (D:1)
  2 quokkas (D:3)
  8 frilled lizards
  A jackal skeleton (D:4)
  6 kobolds
  A leopard gecko skeleton (D:4)
  4 rats
86 creatures vanquished.

Notes
Turn   | Place    | Note
-------+----------+-------------------------------------------
     0 | D:1      | mhtbhm the Minotaur Fighter began the quest for the Orb.
     0 | D:1      | Reached XP level 1. HP: 19/19 MP: 0/0
     1 | D:1      | Noticed an electric eel
   146 | D:1      | Reached XP level 2. HP: 27/27 MP: 1/1
   484 | D:1      | Reached skill level 3 in Long Blades
   872 | D:2      | Reached XP level 3. HP: 33/33 MP: 2/2
  1114 | D:2      | Found a stormy altar of Qazlal.
  1167 | D:2      | Reached skill level 4 in Long Blades
  1176 | D:2      | Reached XP level 4. HP: 24/41 MP: 3/3
  1519 | D:3      | Reached XP level 5. HP: 38/47 MP: 4/4
  1604 | D:3      | Reached skill level 5 in Long Blades
  1701 | D:3      | Reached skill level 5 in Shields
  2360 | D:4      | Noticed a phantom
  2399 | D:4      | Killed a phantom
  2399 | D:4      | Reached skill level 6 in Long Blades
  2399 | D:4      | Reached XP level 6. HP: 53/53 MP: 5/5
  2819 | D:4      | Noticed Grinder
  2834 | D:4      | Paralysed by Grinder for 5 turns
  2841 | D:4      | Killed Grinder
  2841 | D:4      | Reached XP level 7. HP: 19/60 MP: 6/6
  3112 | D:4      | Reached skill level 7 in Long Blades
  3336 | D:4      | Found a white marble altar of Elyvilon.
  3349 | D:4      | Reached skill level 5 in Fighting
  3384 | D:4      | Noticed Eustachio
  3409 | D:4      | Killed Eustachio
  3409 | D:4      | HP: 3/61 [poisoned by Eustachio]
  3412 | D:4      | HP: 1/91 [poisoned by Eustachio]
  3413 | D:4      | Succumbed to Eustachio's poison

Illustrated notes

Levels and vault maps discovered:
D:1:      arrival_aquarium_a, layout_loops_ring
D:2:      layout_rooms, nicolae_qazlal_general_emergency
D:3:      layout_basic, serial_curves, eino_curves_01, eino_curves_02
D:4:      layout_cave_pods, kennysheep_mini_moat, uniq_eustachio, uniq_grinder

Skill      XL: |  1  2  3  4  5  6  7 |
---------------+----------------------+-----
Fighting       | 4 5 |  5.1
Shields        | 4 5 6 |  6.4
Long Blades    | 3 4 6 7 |  7.3
Armour         | 4 |  4.9
Dodging        | |  0.6

Action                   |  1- 3 |  4- 6 |  7- 9 || total
-------------------------+-------+-------+-------++-------
Melee: Long sword        |   101 |   111 |    34 ||   246
       Headbutt          |    11 |    22 |     6 ||    39
  Use: Scroll            |     2 |       |       ||     2
       Potion            |       |       |     2 ||     2
Armor: Plate armour      |    91 |    56 |    65 ||   212
Dodge: Dodged            |    17 |    13 |    14 ||    44
Block: Kite shield       |    68 |    71 |    60 ||   199
       Rpst.: Long sword |     5 |     4 |     5 ||    14

Table legend: (Time is in decaauts)
 A = Elapsed time spent in this place.
 B = Non-inter-level travel time spent in this place.
 C = Inter-level travel time spent in this place.
 D = Time resting spent in this place.
 E = Time spent auto-exploring this place.
 F = Levels seen in this place.
 G = Mean time per level.
                   A        B        C        D        E       F      G
               +--------+--------+--------+--------+--------+-----+--------+
         Total |   3471 |   3471 |      0 |    350 |   2210 |   4 |  867.8 |
       Dungeon |   3471 |   3471 |      0 |    350 |   2210 |   4 |  867.8 |
               +--------+--------+--------+--------+--------+-----+--------+

Top non-repeatable levels by time:
     D:4: 1144 daAuts
     D:1: 887 daAuts
     D:3: 789 daAuts
     D:2: 650 daAuts
